 Dungeon Crawl Stone Soup version 0.23-a0-635-g88ca12a (webtiles) character file.

121 pmoppi the Stinger (level 5, -1/31 HPs)
             Began as an Octopode Venom Mage on Dec 27, 2018.
             Slain by a gnoll (8 damage)
             ... on level 3 of the Dungeon.
             The game lasted 00:04:23 (2694 turns).

pmoppi the Stinger (Octopode Venom Mage)            Turns: 2694, Time: 00:04:23

Health: -1/31      AC:  1    Str:  8    XL:     5   Next: 5%
Magic:  6/8        EV: 13    Int: 18    God:
Gold:   84         SH:  0    Dex: 12    Spells: 2/8 levels left

rFire    . . .     SeeInvis .   a - +0 spear
rCold    . . .     Gourm    .   (no shield)
rNeg     . . .     Faith    .   (helmet restricted)
rPois    .         Spirit   .   (no amulet)
rElec    .         Reflect  .   (no ring)
rCorr    .         Harm     .   (no ring)
MR       .....                  (no ring)
Stlth    +++.......             (no ring)
HPRegen  0.10/turn              (no ring)
MPRegen  0.11/turn              (no ring)
                                (no ring)
                                (no ring)

@: no status effects
A: almost no armour, stealthy swim, amphibious, 8 rings, constrict 8, camouflage
1, gelatinous body 1
a: no special abilities


You were on level 3 of the Dungeon.
You were near starving.

You visited 1 branch of the dungeon, and saw 3 of its levels.

You collected 84 gold pieces.

Inventory:

Hand Weapons
 a - a +0 spear (weapon)
 e - a +0 short sword
Jewellery
 i - an uncursed ring of resist corrosion {unknown}
 m - an uncursed ring of protection from fire {unknown}
 n - a +5 amulet of reflection
 s - a +2 amulet of reflection
Scrolls
 c - 2 scrolls of remove curse {unknown}
 d - 2 scrolls of immolation {unknown}
 f - 3 scrolls of teleportation {unknown}
 g - 2 scrolls of enchant armour {unknown}
 o - a scroll of random uselessness {unknown}
 p - a scroll of fear {unknown}
 q - 2 scrolls of identify {unknown}
 r - a scroll of amnesia {unknown}
Potions
 h - 2 potions of brilliance {unknown}
 j - a potion of degeneration {unknown}
 k - 3 potions of curing {unknown}
 l - a potion of cancellation {unknown}
Comestibles
 b - 5 rations


   Skills:
 + Level 2.5 Dodging
 + Level 3.7 Stealth
 + Level 2.4 Spellcasting
 - Level 1.0 Conjurations
 * Level 1.8 Air Magic
 * Level 5.0 Poison Magic


You had 2 spell levels left.
You knew the following spells:

 Your Spells              Type           Power        Failure   Level  Hunger
a - Sting                 Conj/Pois      ##..         4%          1    #......
b - Poisonous Vapours     Pois/Air       ##....       6%          2    ##.....
c - Mephitic Cloud        Conj/Pois/Air  ##......     19%         3    ###....

Your spell library contained the following spells:

 Spells                   Type           Power        Failure   Level  Hunger
 Olgreb's Toxic Radiance  Pois           ###.....     22%         4    #####..
 Venom Bolt               Conj/Pois      ##........   80%         5    ######.


Dungeon Overview and Level Annotations

Branches:
Dungeon (3/15)

Altars:


Innate Abilities, Weirdness & Mutations

You cannot wear most types of armour.
You are very stealthy in the water. (Stealth+)
You are amphibious.
You can wear up to eight rings at the same time.
You can use your tentacles to constrict eight enemies at once.
Your skin changes colour to match your surroundings (Stealth+).
Your rubbery body absorbs attacks. (AC +1, EV +1)


Message History

Aim: a gnoll You miscast Poisonous Vapours.
You are very lightly contaminated with residual magic.
You feel a strange surge of energy! The gnoll hits you!
* * * LOW HITPOINT WARNING * * *
An adder comes into view.
The gnoll hits you.
* * * LOW HITPOINT WARNING * * *
The gnoll closely misses you.
There is a stone staircase leading up here.
Your magical contamination has completely faded away.
You are near starving!
Casting: Poisonous Vapours (safe; 6% risk of failure)
Confirm with . or Enter, or press ? or * to list all spells.
Aiming: Poisonous Vapours (safe; 6% risk of failure)
Press: ? - help, Dir - move target cursor, f/p - gnoll
Aim: a gnoll Poisonous vapours surround the gnoll!
The gnoll is engulfed in poison gas.
The gnoll is poisoned.
The gnoll hits you!
You die...

##.##########.##
#......<......#
###########...#
#...### #.....#
##.##.# ###.##.#
####### #...##g#
......####.#.##@#
.##.......#.#.##.#
......##.#.#.##.#
###.#g.##.#.#.##.#
.......##.#.#.##.#
...............#.#
.##.#†...........#
#..†....#.##.###
............##.#


You could see a gnoll.

Vanquished Creatures
  2 gnolls (D:3)
  4 adders (D:2)
  An ooze (D:2)
  2 worms
  A dart slug (D:1)
  3 leopard geckos (D:2)
  A ball python (D:1)
  4 bats
  4 giant cockroaches
  7 goblins
  7 hobgoblins
  A quokka (D:2)
  A frilled lizard (D:2)
  8 kobolds
  5 rats
51 creatures vanquished.

Notes
Turn   | Place    | Note
-------+----------+-------------------------------------------
     0 | D:1      | pmoppi the Octopode Venom Mage began the quest for the Orb.
     0 | D:1      | Reached XP level 1. HP: 11/11 MP: 3/3
   327 | D:1      | Reached XP level 2. HP: 17/17 MP: 1/5
   410 | D:1      | Learned a level 2 spell: Poisonous Vapours
   446 | D:1      | Reached skill level 4 in Poison Magic
  1071 | D:1      | Reached XP level 3. HP: 21/21 MP: 3/6
  1254 | D:2      | Reached skill level 1 in Air Magic
  1772 | D:2      | Reached XP level 4. HP: 27/27 MP: 4/7
  2119 | D:2      | Learned a level 3 spell: Mephitic Cloud
  2621 | D:3      | Reached skill level 5 in Poison Magic
  2621 | D:3      | Reached XP level 5. HP: 10/31 MP: 5/8
  2632 | D:3      | HP: 1/31 [gnoll (3)]
  2694 | D:3      | Slain by a gnoll

Vault maps used:
D:1:      lightli_arrival_chessboard, minivault_19, minmay_pentomino_r2
D:3:      gammafunk_temple_overflow_forgotten, chequers_ecumenical_altar_simple

Skill      XL: |  1  2  3  4 |
---------------+-------------+-----
Stealth        | 3 |  3.7
Poison Magic   | 4 5 |  5.0
Air Magic      | 1 |  1.8
Dodging        | |  2.5
Spellcasting   | |  2.4
Conjurations   | |  1.0

Action                   |  1- 3 |  4- 6 || total
-------------------------+-------+-------++-------
Melee: Unarmed           |    10 |       ||    10
       Constrict         |     8 |     8 ||    16
       Short sword       |    22 |       ||    22
       Tentacles         |     3 |     4 ||     7
       Spear             |       |    43 ||    43
 Cast: Sting             |    12 |       ||    12
       Poisonous Vapours |    26 |    19 ||    45
       Mephitic Cloud    |       |     1 ||     1
  Eat: Chunk             |     4 |     3 ||     7
Armor: Skin              |     1 |     3 ||     4
Dodge: Dodged            |    20 |    20 ||    40

Table legend:
 A = Non-vault XP
 B = Vault XP
 C = Vault XP percentage of total XP
 D = Non-vault monster count
 E = Vault monster count
 F = Vault count percentage of total count
                 A         B        C        D         E       F
            +---------+---------+-------+---------+---------+-------
      Total |     172 |       2 |   1.1 |      49 |       2 |   3.9
            +---------+---------+-------+---------+---------+-------
        D:1 |      37 |       2 |   5.1 |      18 |       2 |  10.0
        D:2 |     100 |       0 |   0.0 |      27 |       0 |   0.0
        D:3 |      35 |       0 |   0.0 |       4 |       0 |   0.0
            +---------+---------+-------+---------+---------+-------
